 Dungeon Crawl Stone Soup version 0.21-a0-509-gecc5317 (webtiles) character file.

102 Gerstahl the Chiller (level 4, -3/36 HPs)
             Began as a Naga Ice Elementalist on Nov 30, 2017.
             Slain by an orc priest
             ... wielding a +0 flail
              (8 damage)
             ... on level 3 of the Dungeon.
             The game lasted 00:04:49 (1542 turns).

Gerstahl the Chiller (Naga Ice Elementalist)        Turns: 1542, Time: 00:04:50

Health: -3/36      AC:  2    Str: 10    XL:     4   Next: 77%
Magic:  7/9        EV: 10    Int: 17    God:
Gold:   91         SH:  3    Dex: 11    Spells: 2/9 levels left

rFire    . . .     SeeInvis +   (no weapon)
rCold    . . .     Gourm    .   (no shield)
rNeg     . . .     Faith    .   a - +0 robe
rPois    +         Spirit   .   (no helmet)
rElec    .         Reflect  +   (no cloak)
rCorr    .         Harm     .   (no gloves)
MR       .....                  (no barding)
Stlth    ++........             j - +3 amulet of reflection
HPRegen  0.12/turn              (no ring)
MPRegen  0.11/turn              (no ring)

@: short of breath, very slow
A: large, see invisible, deformed body, poison resistance, slowness 2, slow
metabolism 1, spit poison 1, AC +1
a: Spit Poison


You were on level 3 of the Dungeon.
You were hungry.

You visited 1 branch of the dungeon, and saw 3 of its levels.

You collected 91 gold pieces.

Inventory:

Armour
 a - a +0 robe (worn)
Magical Staves
 l - an uncursed staff of earth
Jewellery
 j - a +3 amulet of reflection (around neck)
Scrolls
 e - a scroll of remove curse {unknown}
 f - a scroll of amnesia {unknown}
 h - a scroll of fog {unknown}
 k - 3 scrolls of identify {unknown}
 q - a scroll of magic mapping {unknown}
Potions
 g - a potion of brilliance {unknown}
 i - a potion of heal wounds {unknown}
 n - a potion of curing {unknown}
 p - a potion of flight {unknown}
 r - a potion of agility {unknown}
Books
 b - a book of Frost

   Spells                             Type                      Level
   a - Freeze                         Ice                          1
   b - Throw Frost                    Conjuration/Ice              2
   c - Ozocubu's Armour               Charms/Ice                   3
   d - Throw Icicle                   Conjuration/Ice              4
   e - Summon Ice Beast               Ice/Summoning                4
Comestibles
 c - 2 bread rations
 d - a royal jelly
 m - a meat ration


   Skills:
 - Level 1.5 Dodging
 - Level 3.0 Stealth
 + Level 3.4 Spellcasting
 + Level 1.0 Conjurations
 + Level 4.3 Ice Magic


You had 2 spell levels left.
You knew the following spells:

 Your Spells              Type           Power        Failure   Level  Hunger
a - Freeze                Ice            ###.         2%          1    None
b - Throw Frost           Conj/Ice       ##....       9%          2    ##.....
c - Throw Icicle          Conj/Ice       ##......     50%         4    ####...


Dungeon Overview and Level Annotations

Branches:
Dungeon (3/15)

Altars:


Innate Abilities, Weirdness & Mutations

You cannot wear boots.
Your serpentine skin is tough. (AC +1)
You have supernaturally acute eyesight. (SInv)
Armour fits poorly on your strangely shaped body.
Your system is resistant to poisons. (rPois)
You cover ground very slowly.
You have a slow metabolism.
You can spit poison.


Message History

Casting: Freeze
Confirm with . or Enter, or press ? or * to list all spells.
Aiming: Freeze
Press: ? - help, Shift-Dir - straight line, f/p - orc
Aim: an orc, wielding a trident and wearing a scale mail You freeze the orc.
The orc is heavily wounded.
The orc hits you with a trident!
The orc priest invokes the aid of Beogh against you.
Pain shoots through your body!
* * * LOW HITPOINT WARNING * * *
Casting: Freeze
Confirm with . or Enter, or press ? or * to list all spells.
Aiming: Freeze
Press: ? - help, Shift-Dir - straight line, f/p - orc
Aim: an orc, wielding a trident and wearing a scale mail (heavily wounded)
You freeze the orc.
You kill the orc!
The orc priest hits you with a flail!
You die...

.# .# ..
.# .#
##.# #o.#
#@#
#....)#
.....#...
#...
$..## ###
###.# #..
... #.#


You could see an orc priest.

Vanquished Creatures
  An orc wizard (D:2)
  4 adders (D:2)
  2 dart slugs
  2 orcs (D:3)
  2 giant cockroaches (D:2)
  5 goblins
  4 hobgoblins
  5 bats (D:2)
  A frilled lizard (D:2)
  2 kobolds (D:2)
  7 rats
35 creatures vanquished.

Notes
Turn   | Place    | Note
-------+----------+-------------------------------------------
     0 | D:1      | Gerstahl the Naga Ice Elementalist began the quest for the Orb.
     0 | D:1      | Reached XP level 1. HP: 15/15 MP: 3/3
   508 | D:2      | Reached XP level 2. HP: 22/22 MP: 5/5
   550 | D:2      | Reached XP level 3. HP: 26/28 MP: 0/7
   848 | D:2      | Reached skill level 4 in Ice Magic
   848 | D:2      | Reached XP level 4. HP: 15/36 MP: 4/8
  1511 | D:2      | Learned a level 2 spell: Throw Frost
  1516 | D:2      | Learned a level 4 spell: Throw Icicle
  1542 | D:3      | Slain by an orc priest

Vault maps used:
D:1:      dpeg_arrival_rooms_b, hex_medium
D:3:      gammafunk_temple_overflow_claw, first_bread, doesnt_xom_only_xom,
          uniq_natasha

Skill      XL: |  1  2  3 |
---------------+----------+-----
Spellcasting   | 3 |  3.4
Ice Magic      | 4 |  4.3
Dodging        | |  1.5
Stealth        | |  3.0
Conjurations   | |  1.0

Action                   |  1- 3 |  4- 6 || total
-------------------------+-------+-------++-------
Melee: Unarmed           |    40 |    11 ||    51
 Cast: Freeze            |    17 |    14 ||    31
 Abil: Spit Poison       |    13 |     7 ||    20
 Stab: Sleeping          |     3 |       ||     3
  Eat: Chunk             |       |     2 ||     2
Armor: Robe              |    10 |    11 ||    21
Dodge: Dodged            |    22 |    12 ||    34
Block: Other             |     2 |     9 ||    11

Table legend:
 A = Spawn XP
 B = Non-spawn XP
 C = Spawn XP percentage of total XP
 D = Spawn monster count
 E = Non-spawn monster count
 F = Spawn count percentage of total count
 G = Total turns spent on level
                    A         B        C        D         E        F      G
               +---------+---------+-------+---------+---------+-------+---------
         Total |       0 |     146 |   0.0 |       0 |      35 |   0.0 |  1542
               +---------+---------+-------+---------+---------+-------+---------
           D:1 |       0 |       9 |   0.0 |       0 |       4 |   0.0 |   490
           D:2 |       0 |     131 |   0.0 |       0 |      29 |   0.0 |  1043
           D:3 |       0 |       6 |   0.0 |       0 |       2 |   0.0 |     9
               +---------+---------+-------+---------+---------+-------+---------
